 Dungeon Crawl Stone Soup version 0.23.2-40-g277498a001 (webtiles) character file.

Game seed: 10814745915278615646

249 Destapler the Cudgeler (level 6, 0/40 HPs)
             Began as a Gargoyle Gladiator on Aug 18, 2019.
             Slain by Edmund
             ... wielding a +1 flail of protection
              (6 damage)
             ... on level 4 of the Dungeon.
             The game lasted 00:07:53 (4142 turns).

Destapler the Cudgeler (Gargoyle Gladiator)         Turns: 4142, Time: 00:07:54

Health: 0/40       AC:  9    Str: 19    XL:     6   Next: 12%
Magic:  6/6        EV: 12    Int:  8    God:
Gold:   158        SH:  0    Dex: 12    Spells: 5/5 levels left

rFire    . . .     SeeInvis .   s - +0 mace (holy)
rCold    . . .     Gourm    .   (no shield)
rNeg     + . .     Faith    .   b - +0 leather armour
rPois    ∞         Spirit   .   c - +0 helmet
rElec    +         Reflect  .   (no cloak)
rCorr    .         Harm     .   (no gloves)
MR       .....                  u - +0 pair of boots
Stlth    +.........             (no amulet)
HPRegen  0.13/turn              (no ring)
MPRegen  0.10/turn              (no ring)

@: no status effects
A: negative energy resistance 1, electricity resistance, unbreathing,
petrification resistance, rot immunity, AC +4
a: no special abilities


You were on level 4 of the Dungeon.
You were hungry.

You visited 1 branch of the dungeon, and saw 4 of its levels.

You collected 158 gold pieces.

Inventory:

Hand Weapons
 a - a +0 flail
 s - a +0 mace of holy wrath (weapon)
Missiles
 g - 98 stones (quivered)
Armour
 b - a +0 leather armour (worn)
 c - a +0 helmet (worn)
 u - a +0 pair of boots (worn)
 x - a +1 ring mail of magic resistance
Jewellery
 v - an uncursed ring of see invisible {unknown}
 w - an uncursed amulet of regeneration {unknown}
 A - an uncursed ring of poison resistance {unknown}
Wands
 h - a wand of polymorph (4)
Scrolls
 e - 3 scrolls of teleportation
 m - a scroll of immolation {unknown}
 n - 3 scrolls of identify {unknown}
 o - a scroll of enchant weapon {unknown}
 p - a scroll of remove curse {unknown}
 r - a scroll of fear {unknown}
 t - a scroll of magic mapping {unknown}
 y - a scroll of blinking {unknown}
Potions
 i - a potion of brilliance {unknown}
 j - a potion of magic {unknown}
 k - a potion of berserk rage {unknown}
 l - a potion of flight {unknown}
 q - 3 potions of heal wounds {unknown}
Comestibles
 f - 5 rations


   Skills:
 + Level 5.0 Fighting
 + Level 5.1 Maces & Flails
 - Level 1.7 Throwing
 - Level 2.4 Dodging


You had 5 spell levels left.
You didn't know any spells.
Your spell library was empty.

Dungeon Overview and Level Annotations

Branches:
Dungeon (4/15)
 Temple: D:4-7

Altars:
Cheibriados
Fedhas

Annotations:
D:3 exclusion: oklob plant
D:4 Edmund


Innate Abilities, Weirdness & Mutations

You are resistant to torment.
Your stone body is resilient. (AC +4)
You are immune to poison.
You resist negative energy. (rN+)
You are resistant to electric shocks. (rElec)
You can survive without breathing.
You are immune to petrification.
You are immune to rotting.


Message History

Edmund is heavily wounded.
Edmund hits you but does no damage.
You hit Edmund but do no damage.
Edmund is heavily wounded.
Edmund hits you with a +1 flail of protection.
* * * LOW HITPOINT WARNING * * *
You closely miss Edmund.
Edmund is heavily wounded.
Edmund hits you but does no damage.
You barely miss Edmund.
Edmund is heavily wounded.
Edmund hits you but does no damage.
You hit Edmund but do no damage.
Edmund is heavily wounded.
Edmund hits you but does no damage.
You are feeling hungry.
You hit Edmund but do no damage.
Edmund is heavily wounded.
Edmund hits you with a +1 flail of protection.
You die...

.. .# .# .# .# .
.# >..
###.###### ....
#.@^......
.@...##@#.######
........#.######
.....(.........#
..#(####..####.#
# #..#
)#.####..#
.#.......#
....###.##


You could see Edmund.

Vanquished Creatures
  A phantom (D:3)
  Jessica (D:2)
  6 adders
  3 worms
  3 dart slugs (D:2)
  5 leopard geckos
  An orc (D:3)
  5 bats
  6 giant cockroaches
  11 goblins
  6 hobgoblins
  3 jackals
  2 ball pythons
  4 frilled lizards
  7 kobolds
  7 rats
71 creatures vanquished.

Notes
Turn   | Place    | Note
-------+----------+-------------------------------------------
     0 | D:1      | Destapler the Gargoyle Gladiator began the quest for the
                  | Orb.
     0 | D:1      | Reached XP level 1. HP: 12/12 MP: 1/1
   390 | D:1      | Reached XP level 2. HP: 18/18 MP: 2/2
  1172 | D:2      | Reached XP level 3. HP: 19/23 MP: 3/3
  1386 | D:2      | Found a snail-covered altar of Cheibriados.
  1911 | D:2      | Reached XP level 4. HP: 25/28 MP: 4/4
  2168 | D:2      | Noticed Jessica
  2178 | D:2      | Killed Jessica
  2613 | D:3      | Found a faded altar of an unknown god.
  2834 | D:3      | Noticed a phantom
  2875 | D:3      | Killed a phantom
  2875 | D:3      | Reached XP level 5. HP: 11/34 MP: 5/5
  3276 | D:3      | Reached skill level 5 in Maces & Flails
  3475 | D:3      | Found a blossoming altar of Fedhas.
  3488 | D:3      | Noticed an oklob plant
  3617 | D:3      | Reached XP level 6. HP: 24/40 MP: 6/6
  3644 | D:3      | Reached skill level 5 in Fighting
  4098 | D:4      | Noticed Edmund
  4142 | D:4      | Slain by Edmund

Skill      XL: |  1  2  3  4  5  6 |
---------------+-------------------+-----
Fighting       | 3 4 5 |  5.0
Maces & Flails | 4 5 |  5.1
Throwing       | |  1.7
Dodging        | |  2.4

Action                   |  1- 3 |  4- 6 || total
-------------------------+-------+-------++-------
Melee: Flail             |    55 |       ||    55
       Mace              |    35 |   179 ||   214
Throw: Throwing net      |       |     4 ||     4
  Use: Scroll            |       |     1 ||     1
 Stab: Sleeping          |       |     1 ||     1
  Eat: Chunk             |     3 |     7 ||    10
Armor: Leather armour    |    28 |    63 ||    91
Dodge: Dodged            |    54 |   119 ||   173
